 Dungeon Crawl Stone Soup version 0.31-a0-844-gdc52ec4e09 (webtiles) character file.

Game seed: 4230994235807038460

326 kae the Changeling (level 6, 0/47 HPs)
             Began as a Draconian Shapeshifter on Sept 28, 2023.
             Was an Initiate of Qazlal.
             Slain by an ogre
             ... wielding a +0 giant club
              (17 damage)
             ... on level 4 of the Dungeon.
             The game lasted 00:02:07 (3594 turns).

kae the Changeling (Draconian Shapeshifter)         Turns: 3594, Time: 00:02:08

Health: 0/47       AC:  6    Str: 16    XL:     6   Next: 24%
Magic:  6/6        EV: 12    Int: 10    God:    Qazlal [......]
Gold:   208        SH:  0    Dex: 13    Spells: 5/5 levels left

rFire   + . .        d - +2 dagger (venom)
rCold   . . .        (no shield)
rNeg    + . .        (body armour unavailable)
rPois   .            (helmet currently unavailable)
rElec   .            (cloak currently unavailable)
rCorr   .            (gloves currently unavailable)
SInv    .            (boots currently unavailable)
Will    .....        h - amulet of magic regeneration
Stlth   +            N - ring of positive energy
HPRegen 0.27/turn    F - ring of protection from fire
MPRegen 0.50/turn

%: no passive effects
@: beast-form
A: beast (slay +3), AC +6, unfitting armour, cold-blooded
a: Begin Untransformation, Renounce Religion


You were on level 4 of the Dungeon.
You worshipped Qazlal.
Qazlal was noncommittal.
You were a hulking beast.
You visited 1 branch of the dungeon, and saw 4 of its levels.

You collected 208 gold pieces.


Innate Abilities, Weirdness & Mutations

You are a hulking beast.
Your limbs bulge with bestial killing power. (Slay +3)
Your plain brown scales are hard. (AC +6)
You cannot fit into any form of body armour.
You are cold-blooded and may be slowed by cold attacks.


   Skills:
 - Level 1.1 Fighting
 - Level 1.7 Dodging
 + Level 4.7 Unarmed Combat
 * Level 5.6 Shapeshifting


You had 5 spell levels left.
You didn't know any spells.
Your spell library contained the following spells:

 Spells                   Type           Power      Damage    Failure   Level
 Cigotuvi's Dreadful Rot  Necr/Pois/Air  0%         N/A       50%         2
 Stone Arrow              Conj/Erth      0%         3d7       75%         3
 Dispel Undead            Necr           0%         3d6       98%         4
 Vhi's Electric Charge    Tloc/Air       0%         N/A       98%         4
 Arcjolt                  Conj/Air       0%         1d10      100%        5
 Death Channel            Necr           0%         N/A       100%        6
 Plasma Beam              Fire/Air       0%         2x1d10    100%        6
 Lehudib's Crystal Spear  Conj/Erth      0%         10d2      100%        8
 Animate Armour           Summ/Erth      Unusable   N/A       N/A         4

Inventory:

Hand Weapons
 d - a +2 dagger of venom (weapon)
   (You took it off a kobold on level 1 of the Dungeon)
Missiles
 e - 33 stones
 i - 8 poisoned darts
 j - 16 boomerangs
Jewellery
 h - an amulet of magic regeneration (around neck)
   (You found it on level 1 of the Dungeon)
 F - a ring of protection from fire (right hand)
   (You found it on level 2 of the Dungeon)
 N - a ring of positive energy (left hand)
   (You found it on level 2 of the Dungeon)
Talismans
 b - a beast talisman (active)
 c - a flux talisman
Scrolls
 f - a scroll of identify {@r1}
 k - a scroll of enchant armour {unknown}
 m - a scroll of enchant weapon
 o - a scroll of immolation {unknown}
 p - a scroll of vulnerability {unknown}
 q - a scroll of torment {unknown}
Potions
 a - a potion of lignification {!q}
 g - 2 potions of resistance
 l - a potion of haste {@q3}
 n - a potion of heal wounds {unknown}

Dungeon Overview and Level Annotations

Branches:
Dungeon (4/15) Zot: 20391  Temple (0/1) D:4

Altars:
Qazlal
Uskayaw

Annotations:
D:3 2 transporters, Tungsten's ghost, amateur MiRe

#### #### ##..###..##
###.#..#..#.##
#....#.†#..#_#
#.##..#..#..## .
####.##...#...## ...
##.....#########...(.
#####......#
#.hO.......
##.........#
##.##.......
.#.###.....###..#
.......
...#.......##..##
.......
..............##
#######
.#..##..>...###
..#..####.....
...#........#.######
.....#..###.#......#


You could see an ogre (extremely poisoned).


Message History

No target in view! 😎 HP[+7]
Your hp is fully restored (47).
o - a scroll labelled AMOYJE OCEO No target in view!
No target in view!
You see here a +0 robe.
A hobgoblin comes into view.
A giant cockroach comes into view.
There are monsters nearby!
The hobgoblin hits you. 😕 HP[-2]
You take 2 damage, and now have 45/47 hp.
There are monsters nearby!
You puncture the hobgoblin!
You kill the hobgoblin!
Qazlal accepts your kill. The giant cockroach closely misses you.
You see here a scroll labelled ASUYBEIGOW.
A giant cockroach is nearby!
You barely miss the giant cockroach. The giant cockroach closely misses you.
You closely miss the giant cockroach. You tail-slap the giant cockroach.
You kill the giant cockroach!
Qazlal accepts your kill. 😕 HP[+1]
p - a scroll labelled ASUYBEIGOW 😎 HP[+1]
Your hp is fully restored (47).
No target in view!
No target in view!
You pick up a book of Decay and begin reading...
You add the spells Cigotuvi's Dreadful Rot, Dispel Undead and Death Channel to your library.
No target in view!
No target in view!
Found a stone staircase leading down.
Key pressed, stopping explore.
No target in view!
No target in view!
q - a scroll labelled MEMEAS CIBUNEJ No target in view!
No target in view!
i - 8 poisoned darts (gained 2) No target in view!
No target in view!
Key pressed, stopping explore.
Unknown command.
e - 33 stones (gained 4)
You now have 208 gold pieces (gained 16).
A quokka comes into view.
A quokka is nearby!
Unknown command.
A quokka is nearby!
A quokka is nearby!
You closely miss the quokka. The quokka closely misses you.
You hit the quokka but do no damage.
The quokka is poisoned.
The quokka barely misses you.
The quokka twitches its whiskers.
The quokka closely misses you.
A quokka is nearby!
You barely miss the quokka. The quokka barely misses you.
You closely miss the quokka. You tail-slap the quokka.
You kill the quokka!
Qazlal accepts your kill.
You see here a quokka corpse.
Found a hide-covered altar of Uskayaw.
No target in view!
No target in view!
There is a hide-covered altar of Uskayaw here.
You see here a quokka corpse.
An ogre comes into view. It is wielding a +0 giant club.
Unknown command.
An ogre is nearby!
An ogre is nearby!
An ogre is nearby!
An ogre is nearby!
An ogre is nearby!
An ogre is nearby!
An ogre is nearby!
An ogre is nearby!
Okay, then.
Okay, then.
You hit the ogre but do no damage. The ogre barely misses you.
Unknown command.
You barely miss the ogre. You puncture the ogre!
The ogre is poisoned.
The ogre barely misses you.
Unknown command.
You hit the ogre.
The ogre looks as sick as possible!
The ogre closely misses you.
You barely miss the ogre.
Unknown command.
You barely miss the ogre. You punch the ogre, but do no damage.
The ogre hits you with a +0 giant club!!
Ouch! That really hurt!
* * * LOW HITPOINT WARNING * * *
😨 HP[-31]
You take 31 damage, and now have 16/47 hp.
MASSIVE DAMAGE!! (PAUSE)
You hit the ogre.
The ogre looks as sick as possible!
The ogre hits you with a +0 giant club!
You die...

Skill      XL: |  1  2  3  4  5 |
---------------+----------------+-----
Shapeshifting  | 4 5 |  5.6
Unarmed Combat | 4 |  4.7
Fighting       | |  1.1
Dodging        | |  1.7

Action                     |  1- 3 |  4- 6 || total
---------------------------+-------+-------++-------
  Melee: Dagger            |   106 |    77 ||   183
         Unarmed           |     4 |       ||     4
         Punch             |     1 |     3 ||     4
         Tailslap          |    10 |    11 ||    21
    Use: Scroll            |     3 |     2 ||     5
         Potion            |     3 |       ||     3
   Stab: Sleeping          |     3 |       ||     3
 Armour: Skin              |    61 |    44 ||   105
  Dodge: Dodged            |    53 |    57 ||   110

Levels and vault maps discovered:
D:1:      dpeg_arrival_court, layout_loops_ring, roderic_lattice_a,
          minmay_liquid_box, chequers_serial_rivers_large_b, amethyst_killhole,
          serial_bayou_pond_e, supply_closet_lemuel,
          nicolae_concentric_dashed_squares_wild
D:2:      layout_basic, shapermc_ecumenical_altar_mp_ritualfount,
          kennysheep_generic_room_11
D:3:      minmay_evil_eye, layout_rooms, nicolae_qazlal_beasts_of_the_sky,
          gammafunk_ghost_smash, hex_intersection,
          chequers_serial_rivers_micro_d, dk_vineyard_1
D:4:      layout_rooms, cheibrodos_worm_habitat, marbit_many_paths,
          minmay_temple_entry_waves, cheibrodos_gnoll_hut

Notes
Turn   | Place    | Note
-------+----------+-------------------------------------------
     0 | D:1      | kae the Draconian Shapeshifter began the quest for the Orb.
     0 | D:1      | Reached XP level 1. HP: 16/16 MP: 1/1
     0 | D:1      | magus.rc [v1.11.3]
    48 | D:1      | HP: 4/16 [poisoned by a kobold]
   368 | D:1      | Reached XP level 2. HP: 19/23 MP: 2/2
  1122 | D:1      | Reached XP level 3. HP: 28/28 MP: 3/3
  1318 | D:2      | Found a faded altar of an unknown god.
  1960 | D:2      | You pick up a book of Armaments and begin reading...
  1960 | D:2      | You add the spells Stone Arrow and Lehudib's Crystal Spear
                  | to your library.
  2094 | D:2      | Reached skill level 4 in Shapeshifting
  2158 | D:3      | Noticed Tungsten's ghost (amateur MiRe)
  2158 | D:3      | Found a transporter.
  2160 | D:3      | Identified the +6 great mace of Jusytz {venom, Dex+2}
  2160 | D:3      | Noticed an ogre
  2304 | D:3      | Found a transporter.
  2377 | D:3      | Found a stormy altar of Qazlal.
  2377 | D:3      | Noticed a sky beast
  2388 | D:3      | HP: 7/28 [sky beast (2)]
  2388 | D:3      | HP: 1/28 [sky beast (6)]
  2406 | D:3      | Killed a sky beast
  2407 | D:3      | Reached skill level 4 in Unarmed Combat
  2407 | D:3      | Reached XP level 4. HP: 5/35 MP: 4/4
  2407 | D:3      | Reached XP level 5. HP: 6/40 MP: 5/5
  2708 | D:3      | Became a worshipper of Qazlal Stormbringer
  2807 | D:3      | You pick up a book of Lightning and begin reading...
  2807 | D:3      | You add the spells Vhi's Electric Charge, Arcjolt and
                  | Plasma Beam to your library.
  2895 | D:3      | Reached skill level 5 in Shapeshifting
  3149 | D:4      | Found a staircase to the Ecumenical Temple.
  3264 | D:4      | Reached XP level 6. HP: 29/47 MP: 6/6
  3518 | D:4      | You pick up a book of Decay and begin reading...
  3518 | D:4      | You add the spells Cigotuvi's Dreadful Rot, Dispel Undead
                  | and Death Channel to your library.
  3555 | D:4      | Found a hide-covered altar of Uskayaw.
  3594 | D:4      | Slain by an ogre

Vanquished Creatures
  A sky beast (D:3)
  A scorpion (D:4)
  A sleepcap (D:4)
  3 gnolls (D:4)
  5 adders
  A worm (D:2)
  A dart slug (D:3)
  3 ball pythons
  6 endoplasms
  8 giant cockroaches
  6 goblins
  7 hobgoblins
  2 quokkas
  10 bats
  2 frilled lizards
  7 kobolds
  10 rats
74 creatures vanquished.

Table legend:
 A = Non-vault XP
 B = Vault XP
 C = Vault XP percentage of total XP
 D = Non-vault monster count
 E = Vault monster count
 F = Vault count percentage of total count
                 A         B        C        D         E       F
            +---------+---------+-------+---------+---------+-------
      Total |     316 |     150 |  32.2 |      67 |       7 |   9.5
            +---------+---------+-------+---------+---------+-------
        D:1 |      42 |       0 |   0.0 |      27 |       0 |   0.0
        D:2 |      28 |      13 |  31.7 |      15 |       1 |   6.2
        D:3 |      46 |     135 |  74.6 |      13 |       5 |  27.8
        D:4 |     200 |       2 |   1.0 |      12 |       1 |   7.7
            +---------+---------+-------+---------+---------+-------

Skill      XL: |  1  2  3  4  5 |
---------------+----------------+-----
Shapeshifting  | 4 5 |  5.6
Unarmed Combat | 4 |  4.7
Fighting       | |  1.1
Dodging        | |  1.7

Action                     |  1- 3 |  4- 6 || total
---------------------------+-------+-------++-------
  Melee: Dagger            |   106 |    77 ||   183
         Unarmed           |     4 |       ||     4
         Punch             |     1 |     3 ||     4
         Tailslap          |    10 |    11 ||    21
    Use: Scroll            |     3 |     2 ||     5
         Potion            |     3 |       ||     3
   Stab: Sleeping          |     3 |       ||     3
 Armour: Skin              |    61 |    44 ||   105
  Dodge: Dodged            |    53 |    57 ||   110

Illustrated notes

Table legend:
 A = Kills in this place as a percentage of kills in the entire game.
 B = Kills by you in this place as a percentage of kills by you in the entire game.
 C = Kills by friends in this place as a percentage of kills by friends in the entire game.
 D = Other kills in this place as a percentage of other kills in the entire game.
 E = Experience gained in this place as a percentage of experience gained in the entire game.
 F = Experience gained in this place divided by the number of levels of this place that you have seen.
                   A       B       C       D       E      F
               +-------+-------+-------+-------+-------+----------------------
         Total | 100.0 | 100.0 |   N/A |   N/A | 100.0 | 116.5
       Dungeon | 100.0 | 100.0 |   N/A |   N/A | 100.0 | 116.5
               +-------+-------+-------+-------+-------+----------------------

Table legend: (Time is in decaauts)
 A = Elapsed time spent in this place.
 B = Non-inter-level travel time spent in this place.
 C = Inter-level travel time spent in this place.
 D = Time resting spent in this place.
 E = Time spent auto-exploring this place.
 F = Levels seen in this place.
 G = Mean time per level.
                   A        B        C        D        E       F      G
               +--------+--------+--------+--------+--------+-----+--------+
         Total |   3607 |   3471 |    136 |    212 |   2761 |   4 |  901.8 |
       Dungeon |   3607 |   3471 |    136 |    212 |   2761 |   4 |  901.8 |
               +--------+--------+--------+--------+--------+-----+--------+

Top non-repeatable levels by time:
     D:1: 1260 daAuts
     D:2: 930 daAuts
     D:3: 927 daAuts
     D:4: 489 daAuts
